TOP OF THE 1ST |
South Bend Cubs batting - Pitching for West Virginia Power : RHP Bobby Detmer
|
Pitching: RHP Bobby Detmer
|
|
Batting: RHB Andy Huntley
|
0-0: Foul Ball, location: 2F 0-1: Foul Ball, location: 2F 0-2: Ball 1-2: Foul Ball, location: 2F 1-2: Strikes out swinging
|
Batting: RHB Taylor Garofalo
|
0-0: Called Strike 0-1: Ball 1-1: Foul Ball, location: 2F 1-2: SINGLE (Groundball, 25, EV 70.0 MPH) (infield hit)
|
Batting: LHB Kwang-chih Men
|
0-0: Called Strike 0-1: Fly out, F7 (Flyball, 78D, EV 79.4 MPH)
|
Batting: RHB Roy Battist
|
0-0: Ball 1-0: Fly out, F7 (Flyball, 7LM, EV 96.2 MPH)
|
Top of the 1st over - 0 runs, 1 hit, 0 errors, 1 left on base; South Bend 0 - West Virginia 0 |
BOTTOM OF THE 1ST |
West Virginia Power batting - Pitching for South Bend Cubs : RHP Melvin Orengo
|
Pitching: RHP Melvin Orengo
|
|
Batting: RHB Perry Dominey
|
0-0: Ball 1-0: Bunt missed! 1-1: Foul Ball, location: 2F 1-2: Strikes out swinging
|
Batting: RHB John DeVillier
|
0-0: Ball 1-0: Foul Ball, location: 2F 1-1: Called Strike 1-2: Strikes out swinging
|
Batting: LHB Josh Aerni
|
0-0: Ball 1-0: Ball 2-0: Ground out 4-3 (Groundball, 4, EV 104.4 MPH)
|
Bottom of the 1st over - 0 runs, 0 hits, 0 errors, 0 left on base; South Bend 0 - West Virginia 0 |
TOP OF THE 2ND |
South Bend Cubs batting - Pitching for West Virginia Power : RHP Bobby Detmer
|
Batting: RHB Han-seung Hah
|
0-0: Called Strike 0-1: Ball 1-1: Ball 2-1: Ball 3-1: Ground out 4-3 (Groundball, 4, EV 81.9 MPH)
|
Batting: RHB Denis Rachin
|
0-0: Ball 1-0: Called Strike 1-1: DOUBLE (Line Drive, 7LS, EV 90.0 MPH)
|
Batting: RHB Juan Bonilla
|
0-0: Fly out, F4 (Popup, 4S, EV 64.4 MPH)
|
Batting: RHB Ryan Bush
|
0-0: Ball 1-0: Ball 2-0: Foul Ball, location: 2F 2-1: Foul Ball, location: 2F 2-2: Strikes out swinging
|
Top of the 2nd over - 0 runs, 1 hit, 0 errors, 1 left on base; South Bend 0 - West Virginia 0 |
BOTTOM OF THE 2ND |
West Virginia Power batting - Pitching for South Bend Cubs : RHP Melvin Orengo
|
Batting: RHB Brandon White
|
0-0: SINGLE (Groundball, 25, EV 66.9 MPH) (infield hit)
|
Batting: RHB Jeff Edwards
|
0-0: Hit by Pitch Brandon White to second
|
Batting: RHB Tim Moore
|
0-0: Swinging Strike 0-1: Ball 1-1: Swinging Strike 1-2: Strikes out swinging
|
Batting: RHB Jaime Dubicki
|
0-0: Foul Ball, location: 2F 0-1: Swinging Strike 0-2: Ball 1-2: Ball 2-2: Ball 3-2: Base on Balls Brandon White to third Jeff Edwards to second
|
Batting: RHB Seung-mun Kim
|
0-0: Foul Ball, location: 2F 0-1: Ball 1-1: Foul Ball, location: 2F 1-2: Foul Ball, location: 2F 1-2: Ball 2-2: Ball 3-2: Strikes out swinging
|
Batting: RHB Tom Tate
|
0-0: Called Strike 0-1: Ball 1-1: Swinging Strike 1-2: Ball 2-2: Strikes out swinging
|
Bottom of the 2nd over - 0 runs, 1 hit, 0 errors, 3 left on base; South Bend 0 - West Virginia 0 |
TOP OF THE 3RD |
South Bend Cubs batting - Pitching for West Virginia Power : RHP Bobby Detmer
|
Batting: RHB Hugo Torrez
|
0-0: Ball 1-0: Ball 2-0: Fly out, F8 (Flyball, 8RM, EV 75.0 MPH)
|
Batting: RHB Andy Huntley
|
0-0: Foul Ball, location: 2F 0-1: Ground out 5-3 (Groundball, 56, EV 90.6 MPH)
|
Batting: RHB Taylor Garofalo
|
0-0: Swinging Strike 0-1: Ball 1-1: Ball 2-1: Fly out, F4 (Popup, 4M, EV 70.6 MPH)
|
Top of the 3rd over - 0 runs, 0 hits, 0 errors, 0 left on base; South Bend 0 - West Virginia 0 |
BOTTOM OF THE 3RD |
West Virginia Power batting - Pitching for South Bend Cubs : RHP Melvin Orengo
|
Batting: RHB Perry Dominey
|
0-0: Called Strike 0-1: Foul Ball, location: 2F 0-2: Foul Ball, location: 2F 0-2: Ball 1-2: Foul Ball, location: 2F 1-2: Ball 2-2: Fly out, F8 (Line Drive, 8LM, EV 91.9 MPH)
|
Batting: RHB John DeVillier
|
0-0: Swinging Strike 0-1: Swinging Strike 0-2: Foul Ball, location: 2F 0-2: Foul Ball, location: 2F 0-2: Ball 1-2: Ball 2-2: Ball 3-2: SINGLE (Groundball, 34S, EV 70.6 MPH) (infield hit)
|
Batting: LHB Josh Aerni
|
Pickoff Throw to First - Out! 1-3 0-0: Called Strike 0-1: Foul Ball, location: 2F 0-2: Ball 1-2: Ball 2-2: Ground out 4-3 (Groundball, 4, EV 80.0 MPH)
|
Bottom of the 3rd over - 0 runs, 1 hit, 0 errors, 0 left on base; South Bend 0 - West Virginia 0 |
TOP OF THE 4TH |
South Bend Cubs batting - Pitching for West Virginia Power : RHP Bobby Detmer
|
Batting: LHB Kwang-chih Men
|
0-0: Ball 1-0: Foul Ball, location: 2F 1-1: Ball 2-1: Swinging Strike 2-2: Ball 3-2: Strikes out swinging
|
Batting: RHB Roy Battist
|
0-0: Swinging Strike 0-1: Ball 1-1: Ball 2-1: Ball 3-1: Base on Balls
|
Batting: RHB Han-seung Hah
|
0-0: Ball 1-0: Called Strike 1-1: Ball 2-1: Swinging Strike 2-2: Ball 3-2: Foul Ball, location: 2F 3-2: Foul Ball, location: 2F 3-2: Base on Balls Roy Battist to second
|
Batting: RHB Denis Rachin
|
0-0: Ball 1-0: Foul Ball, location: 2F 1-1: SINGLE (Line Drive, 78M, EV 91.9 MPH) Roy Battist to third Han-seung Hah to second Runner from 3rd tries for Home, SAFE, throw by LF to home
|
Now in LF: Perry Dominey
|
|
Now in CF: Terrence Wilson
|
|
Batting: RHB Juan Bonilla
|
0-0: Fly out, F8 (Line Drive, 8RM, EV 100.0 MPH)
|
Batting: RHB Ryan Bush
|
0-0: Foul Ball, location: 2F 0-1: Foul Ball, location: 2F 0-2: Ball 1-2: Strikes out swinging
|
Top of the 4th over - 1 run, 1 hit, 0 errors, 2 left on base; South Bend 1 - West Virginia 0 |
BOTTOM OF THE 4TH |
West Virginia Power batting - Pitching for South Bend Cubs : RHP Melvin Orengo
|
Batting: RHB Brandon White
|
0-0: Ball 1-0: Swinging Strike 1-1: Ball 2-1: Fly out, F8 (Line Drive, 8LD, EV 83.8 MPH)
|
Batting: RHB Jeff Edwards
|
0-0: Called Strike 0-1: Ball 1-1: SINGLE (Line Drive, 6M, EV 99.4 MPH)
|
Batting: RHB Tim Moore
|
0-0: Ball 1-0: Ball 2-0: Foul Ball, location: 2F 2-1: SINGLE (Groundball, 6D, EV 106.2 MPH) Jeff Edwards to second
|
Batting: RHB Terrence Wilson
|
0-0: Fly out, F9 (Flyball, 9, EV 91.9 MPH)
|
Batting: RHB Seung-mun Kim
|
0-0: Ball 1-0: Ball 2-0: Fly out, F9 (Flyball, 89S, EV 88.8 MPH)
|
Bottom of the 4th over - 0 runs, 2 hits, 0 errors, 2 left on base; South Bend 1 - West Virginia 0 |
TOP OF THE 5TH |
South Bend Cubs batting - Pitching for West Virginia Power : RHP Bobby Detmer
|
Batting: RHB Hugo Torrez
|
0-0: SINGLE (Line Drive, 34D, EV 103.8 MPH)
|
Batting: RHB Andy Huntley
|
0-0: Ball Hugo Torrez is caught stealing 2nd base 2-4 1-0: Ball 2-0: Ball 3-0: Base on Balls
|
Batting: RHB Taylor Garofalo
|
0-0: Swinging Strike 0-1: SINGLE (Line Drive, 34D, EV 95.0 MPH) Andy Huntley to second Runner from 2nd tries for 3rd, SAFE, throw by RF made to third
|
Batting: LHB Kwang-chih Men
|
0-0: Swinging Strike 0-1: Foul Ball, location: 2F 0-2: Fly out, F7 (Flyball, 78M, EV 96.2 MPH) Runner from 3rd tags up, SCORES, throw by LF
|
Batting: RHB Roy Battist
|
0-0: Ball 1-0: Called Strike 1-1: Fly out, F8 (Flyball, 8LM, EV 93.1 MPH)
|
Top of the 5th over - 1 run, 2 hits, 0 errors, 1 left on base; South Bend 2 - West Virginia 0 |
BOTTOM OF THE 5TH |
West Virginia Power batting - Pitching for South Bend Cubs : RHP Melvin Orengo
|
Batting: RHB Tom Tate
|
0-0: Ball 1-0: Ball 2-0: Ground out 5-3 (Groundball, 5S, EV 78.8 MPH)
|
Batting: RHB Perry Dominey
|
0-0: Called Strike 0-1: Ball 1-1: Fly out, F8 (Flyball, 89D, EV 95.0 MPH)
|
Batting: RHB John DeVillier
|
0-0: Foul Ball, location: 2F 0-1: SINGLE (Groundball, 6MS, EV 67.5 MPH) (infield hit)
|
Batting: LHB Josh Aerni
|
0-0: Called Strike 0-1: Ball 1-1: Fly out, F9 (Flyball, 9LSF, EV 90.0 MPH)
|
Bottom of the 5th over - 0 runs, 1 hit, 0 errors, 1 left on base; South Bend 2 - West Virginia 0 |
TOP OF THE 6TH |
South Bend Cubs batting - Pitching for West Virginia Power : RHP Bobby Detmer
|
Batting: RHB Han-seung Hah
|
0-0: Called Strike 0-1: Ball 1-1: Ball 2-1: Ball 3-1: SINGLE (Groundball, 6D, EV 98.8 MPH)
|
Batting: RHB Denis Rachin
|
0-0: Ball 1-0: SINGLE (Flyball, 89S, EV 94.4 MPH) Han-seung Hah to second
|
Pitching: RHP Kevin Beury
|
|
Batting: RHB Juan Bonilla
|
0-0: Ball 1-0: Fielders Choice at 2nd, 6-4 (Groundball, 6, EV 83.1 MPH) Han-seung Hah to third
|
Batting: RHB Ryan Bush
|
0-0: Ball 1-0: Ball 2-0: Ball 3-0: Base on Balls Juan Bonilla to second
|
Batting: RHB Hugo Torrez
|
0-0: Ball 1-0: Called Strike 1-1: Ball 2-1: Ball 3-1: Swinging Strike 3-2: Grounds into fielders choice 6-2 (Groundball, 56, EV 84.4 MPH) Juan Bonilla to third Ryan Bush to second
|
Batting: RHB Andy Huntley
|
0-0: Ball 1-0: DOUBLE (Line Drive, 78D, EV 106.9 MPH) Juan Bonilla scores Ryan Bush scores Hugo Torrez to third Runner from 3rd tries for Home, SAFE, no throw by LF
|
Batting: RHB Taylor Garofalo
|
0-0: SINGLE (Line Drive, 78S, EV 103.8 MPH) Andy Huntley to third Runner from 3rd tries for Home, SAFE, throw by LF to home
|
Batting: LHB Kwang-chih Men
|
0-0: Called Strike 0-1: Swinging Strike 0-2: Ball 1-2: DOUBLE (Line Drive, 78D, EV 106.2 MPH) Taylor Garofalo to third Runner from 3rd tries for Home, SAFE, no throw by CF
|
Batting: RHB Roy Battist
|
0-0: Ball 1-0: Ball 2-0: Foul Ball, location: 2F 2-1: Ball 3-1: Foul Ball, location: 2F 3-2: Fly out, F4 (Line Drive, 4, EV 67.5 MPH)
|
Top of the 6th over - 5 runs, 5 hits, 0 errors, 1 left on base; South Bend 7 - West Virginia 0 |
BOTTOM OF THE 6TH |
West Virginia Power batting - Pitching for South Bend Cubs : RHP Melvin Orengo
|
Pitching: RHP Velimir Sljivancanin
|
|
Batting: RHB Brandon White
|
0-0: Called Strike 0-1: Ball 1-1: Called Strike 1-2: DOUBLE (Line Drive, 5D, EV 94.4 MPH)
|
Batting: RHB Jeff Edwards
|
0-0: Ball 1-0: Swinging Strike 1-1: Swinging Strike 1-2: Ball 2-2: Ball 3-2: Base on Balls
|
Batting: RHB Tim Moore
|
0-0: Ball 1-0: Ball 2-0: Ball 3-0: Fielders Choice at 2nd, 6-4 (Groundball, 6, EV 89.4 MPH) Brandon White to third
|
Pinch Hitting: SHB Don Hauk
|
0-0: Fly out, F8 (Flyball, 8LD, EV 88.8 MPH) Runner from 3rd tags up, SCORES, throw by CF
|
Batting: RHB Seung-mun Kim
|
0-0: Foul Ball, location: 2F 0-1: Ball Tim Moore steals 2nd base 1-1: Foul Ball, location: 2F 1-2: Fly out, F8 (Flyball, 8RM, EV 86.9 MPH)
|
Bottom of the 6th over - 1 run, 1 hit, 0 errors, 1 left on base; South Bend 7 - West Virginia 1 |
TOP OF THE 7TH |
South Bend Cubs batting - Pitching for West Virginia Power : RHP Kevin Beury
|
Now in LF: Don Hauk
|
|
Now in CF: Perry Dominey
|
|
Batting: RHB Han-seung Hah
|
0-0: Ball 1-0: Foul Ball, location: 2F 1-1: Ball 2-1: Called Strike 2-2: Ball 3-2: Base on Balls
|
Batting: RHB Denis Rachin
|
0-0: Called Strike 0-1: Swinging Strike 0-2: Ball 1-2: Strikes out swinging
|
Batting: RHB Juan Bonilla
|
0-0: Ball 1-0: DOUBLE (Flyball, 8RXD, EV 115.6 MPH) Han-seung Hah to third
|
Batting: RHB Ryan Bush
|
0-0: Ball 1-0: Foul Ball, location: 2F 1-1: Ground out 5-3 (Groundball, 56S, EV 76.2 MPH) Han-seung Hah scores
|
Batting: RHB Hugo Torrez
|
0-0: Fly out, F4 (Popup, 4, EV 70.0 MPH)
|
Top of the 7th over - 1 run, 1 hit, 0 errors, 1 left on base; South Bend 8 - West Virginia 1 |
BOTTOM OF THE 7TH |
West Virginia Power batting - Pitching for South Bend Cubs : RHP Velimir Sljivancanin
|
Batting: RHB Tom Tate
|
0-0: Ball 1-0: Foul Ball, location: 2F 1-1: Ball 2-1: Swinging Strike 2-2: Ball 3-2: Strikes out swinging
|
Batting: RHB Perry Dominey
|
0-0: Ball 1-0: Ball 2-0: Fly out, F9 (Flyball, 9, EV 87.5 MPH)
|
Batting: RHB John DeVillier
|
0-0: Foul Ball, location: 2F 0-1: Ball 1-1: Ground out 6-3 (Groundball, 6, EV 86.2 MPH)
|
Bottom of the 7th over - 0 runs, 0 hits, 0 errors, 0 left on base; South Bend 8 - West Virginia 1 |
TOP OF THE 8TH |
South Bend Cubs batting - Pitching for West Virginia Power : RHP Kevin Beury
|
Batting: RHB Andy Huntley
|
0-0: Ball 1-0: Foul Ball, location: 2F 1-1: Ball 2-1: Swinging Strike 2-2: Strikes out swinging, 2-3 out at first.
|
Batting: RHB Taylor Garofalo
|
0-0: Called Strike 0-1: Ball 1-1: Swinging Strike 1-2: Fly out, F7 (Line Drive, 78S, EV 106.2 MPH)
|
Batting: LHB Kwang-chih Men
|
0-0: Called Strike 0-1: Foul Ball, location: 2F 0-2: Ball 1-2: Foul Ball, location: 2F 1-2: Hit by Pitch
|
Batting: RHB Roy Battist
|
0-0: Ball 1-0: Ground out 6-3 (Groundball, 6S, EV 83.8 MPH)
|
Top of the 8th over - 0 runs, 0 hits, 0 errors, 1 left on base; South Bend 8 - West Virginia 1 |
BOTTOM OF THE 8TH |
West Virginia Power batting - Pitching for South Bend Cubs : RHP Velimir Sljivancanin
|
Pitching: RHP Rob Craft
|
|
Pinch Hitting: RHB Killian Jones
|
0-0: Called Strike 0-1: Foul Ball, location: 2F 0-2: Ball 1-2: Ball 2-2: Foul Ball, location: 2F 2-2: Strikes out swinging
|
Batting: RHB Brandon White
|
0-0: Called Strike 0-1: Called Strike 0-2: Ball 1-2: Ball 2-2: Fly out, F7 (Flyball, 78M, EV 81.2 MPH)
|
Batting: RHB Jeff Edwards
|
0-0: Ball 1-0: Called Strike 1-1: Called Strike 1-2: Ball 2-2: Ball 3-2: Foul Ball, location: 2F 3-2: Strikes out looking
|
Bottom of the 8th over - 0 runs, 0 hits, 0 errors, 0 left on base; South Bend 8 - West Virginia 1 |
TOP OF THE 9TH |
South Bend Cubs batting - Pitching for West Virginia Power : RHP Kevin Beury
|
Now at 1B: Killian Jones
|
|
Batting: RHB Han-seung Hah
|
0-0: Ball 1-0: Swinging Strike 1-1: Ball 2-1: SOLO HOME RUN (Flyball, 78XD, EV 111.2 MPH), Distance : 401 ft
|
Batting: RHB Denis Rachin
|
0-0: Called Strike 0-1: Ball 1-1: Ball 2-1: Foul Ball, location: 2F 2-2: Fly out, F7 (Flyball, 7S, EV 83.8 MPH)
|
Batting: RHB Juan Bonilla
|
0-0: Ball 1-0: Foul Ball, location: 2F 1-1: Foul Ball, location: 2F 1-2: Foul Ball, location: 2F 1-2: Ball 2-2: Ball 3-2: Foul Ball, location: 2F 3-2: Ground out 4-3 (Groundball, 4, EV 101.2 MPH)
|
Batting: RHB Ryan Bush
|
0-0: Called Strike 0-1: Foul Ball, location: 2F 0-2: Ball 1-2: Strikes out swinging
|
Top of the 9th over - 1 run, 1 hit, 0 errors, 0 left on base; South Bend 9 - West Virginia 1 |
BOTTOM OF THE 9TH |
West Virginia Power batting - Pitching for South Bend Cubs : RHP Rob Craft
|
Batting: RHB Tim Moore
|
0-0: DOUBLE (Line Drive, 89D, EV 97.5 MPH)
|
Batting: SHB Don Hauk
|
0-0: Called Strike 0-1: Ball 1-1: Foul Ball, location: 2F 1-2: SINGLE (Groundball, 4MD, EV 96.9 MPH) Tim Moore to third
|
Pitching: LHP Alex Gandarilla
|
|
Batting: RHB Seung-mun Kim
|
0-0: Called Strike 0-1: Foul Ball, location: 2F 0-2: Ball 1-2: Fielders Choice at 2nd, 6-4 (Groundball, 6, EV 86.2 MPH) Tim Moore scores
|
Batting: RHB Tom Tate
|
0-0: Ball 1-0: Foul Ball, location: 2F 1-1: Ball 2-1: Swinging Strike 2-2: Strikes out swinging
|
Batting: RHB Perry Dominey
|
0-0: Called Strike 0-1: Ball 1-1: Foul Ball, location: 2F 1-2: Ball 2-2: Foul Ball, location: 2F 2-2: Fielders Choice at 2nd, 6-4 (Groundball, 6, EV 84.4 MPH)
|
Bottom of the 9th over - 1 run, 2 hits, 0 errors, 1 left on base; South Bend 9 - West Virginia 2 |
|